 Dungeon Crawl Stone Soup version 0.20.0-15-g7f486f2 (webtiles) character file.

7856 KleinerIrrer the Cleaver (level 11, -1/99 HPs)
             Began as a Naga Hunter on June 25, 2017.
             Was a Priest of Cheibriados.
             Killed by the air
             ... invoked by Gastronok
              (31 damage)
             ... on level 1 of the Lair of Beasts.
             The game lasted 00:42:45 (9042 turns).

KleinerIrrer the Cleaver (Naga Hunter)              Turns: 9042, Time: 00:42:45

Health: -1/99      AC: 17    Str: 24    XL:     11   Next: 21%
Magic:  10/16      EV:  9    Int: 20    God:    Cheibriados [***...]
Gold:   498        SH: 10    Dex: 21    Spells: 10/10 levels left

rFire    + . .     SeeInvis +   y - +1 war axe (vamp)
rCold    . . .     Gourm    .   o - +1 shield
rNeg     . . .     Faith    .   t - +2 ring mail {rF+}
rPois    +         Spirit   .   e - +2 hat
rElec    .         Reflect  .   r - +2 cloak
rCorr    .         Harm     .   q - +2 pair of gloves
MR       +....                  (no barding)
Stlth    +++.......             (no amulet)
Regen    0.3/turn               E - ring of stealth
MPRegen  0.2/turn               K - ring of poison resistance

@: very slow
A: see invisible, deformed body, poison resistance, slowness 2, slow metabolism
1, spit poison 1, AC +3
a: Spit Poison, Bend Time, Temporal Distortion, Renounce Religion


You were on level 1 of the Lair of Beasts.
You worshipped Cheibriados.
Cheibriados was most pleased with you.
You were hungry.

You visited 3 branches of the dungeon, and saw 10 of its levels.

You collected 498 gold pieces.

Inventory:

Hand Weapons
 a - a +1 hand crossbow
 b - a +0 short sword
 x - a +0 rapier
 y - a +1 vampiric war axe (weapon)
Missiles
 d - 59 bolts
Armour
 c - a +0 leather armour
 e - a +2 hat (worn)
 k - a +2 leather armour of poison resistance
 o - a +1 shield (worn)
 p - a +0 plate armour
 q - a +2 pair of gloves (worn)
 r - a +2 cloak (worn)
 t - a +2 ring mail of fire resistance (worn)
 F - a +1 ring mail of cold resistance
 M - a +0 helmet
Jewellery
 E - a ring of stealth (left hand)
 K - a ring of poison resistance (right hand)
Wands
 g - a wand of flame (11/48)
 v - a wand of enslavement (17/24)
 B - a wand of flame (24/48)
 G - a wand of random effects (26/48)
Scrolls
 h - 3 scrolls of identify
 l - 6 scrolls of remove curse
 m - 5 scrolls of recharging
 n - 3 scrolls of teleportation
 s - a scroll of noise {unknown}
 u - 3 scrolls of immolation
 A - 2 scrolls of amnesia
 D - 3 scrolls of fear
 H - 2 scrolls of enchant weapon {unknown}
 I - 2 scrolls of magic mapping
 O - a scroll of fog
Potions
 j - 5 potions of curing
 z - a potion of heal wounds
 J - a potion of degeneration {unknown}
 L - a potion of cancellation {unknown}
Books
 C - a book of Cantrips

   Spells                             Type                      Level
   a - Confusing Touch                Hexes                        1
   b - Animate Skeleton               Necromancy                   1
   c - Summon Small Mammal            Summoning                    1
   d - Apportation                    Translocation                1
Comestibles
 f - 6 bread rations
 i - 6 royal jellies
 w - a meat ration
 N - 6 fruits


   Skills:
 + Level 6.9 Fighting
 + Level 9.4 Axes
 + Level 7.1 Crossbows
 + Level 5.0 Armour
 + Level 4.1 Dodging
 + Level 4.4 Stealth
 + Level 7.3 Invocations


You had 10 spell levels left.
You didn't know any spells.

Dungeon Overview and Level Annotations

Branches:
Dungeon (8/15)             Temple (1/1) D:4            Lair (1/6) D:8

Altars:
Ashenzari
Cheibriados
Elyvilon
Fedhas
Gozag
Hepliaklqana
Kikubaaqudgha
Makhleb
Nemelex Xobeh
Okawaru
Qazlal
Ru
Sif Muna
Trog
Uskayaw
Vehumet
Xom
Yredelemnul
The Shining One

Shops:
D:5 }   D:6 }

Annotations:
D:5 Dowan, Duvessa
D:8 1 transporter
Lair:1 Gastronok


Innate Abilities, Weirdness & Mutations

You cannot wear boots.
Your serpentine skin is tough. (AC +3)
You have supernaturally acute eyesight. (SInv)
Armour fits poorly on your strangely shaped body.
Your system is resistant to poisons. (rPois)
You cover ground very slowly.
You have a slow metabolism.
You can spit poison.


Message History

You kill the rat!
The rat's corpse disappears in a puff of smoke!
You block the quokka's attack.
The quokka bites you but does no damage.
You slash Gastronok!
Gastronok is moderately wounded.
You closely miss the quokka. You block the quokka's attack.
Gastronok waves his eye-stalks in wide circles.
The air twists around and strikes you!
You hit Gastronok.
Gastronok is moderately wounded.
You slash the quokka!
You kill the quokka!
The quokka's corpse disappears in a puff of smoke!
Gastronok bites you.
* * * LOW HITPOINT WARNING * * *
You block the quokka's attack.
Gastronok waves his eye-stalks in wide circles.
The air twists around and strikes you!
You die...

. . #.........##
P #..........# ≈
#.........# ≈
###.........#
..≈
#...........#
≈.≈≈
..##......?....#
≈..≈
...#...........#
....
......%.r@....!#
.P..
...............#
....
.##..#w.#######
.... ##....#
.... ##P..# ###
#..# ##..# #..#
#..# ##..# #..#
### #...# #..#


You could see Gastronok and a quokka.

Vanquished Creatures
  Erica (Lair:1)
  Joseph (D:8)
  The ghost of Ortega the Thaumaturge, a novice DESu (D:6)
  Psyche (D:8)
  The ghost of muxecoid the Covert, a novice KoWn of Okawaru (D:7)
  Grinder (D:5)
  Prince Ribbit (D:6)
  2 hippogriffs
  12 yaks (Lair:1)
  2 wargs
  2 sky beasts
  2 porcupines (Lair:1)
  An orc warrior (D:8)
  A hornet zombie (D:8)
  2 phantoms
  3 ice beasts
  A necrophage (D:7)
  4 ogres
  5 centaurs
  5 bullfrogs
  A wyvern zombie (D:8)
  A howler monkey (D:6)
  A bullfrog zombie (D:5)
  2 crimson imps (D:6)
  A centaur zombie (D:5)
  A quasit (D:8)
  A bullfrog skeleton (D:6)
  2 orc priests
  3 hounds (D:6)
  A centaur skeleton (D:6)
  7 orc wizards
  Ijyb (D:3)
  3 iguanas
  2 worker ants
  A worker ant zombie (D:6)
  8 gnolls
  6 adders
  2 shadow imps
  12 white imps (Lair:1)
  An adder zombie (D:8)
  2 worms
  2 dart slugs (D:1)
  3 leopard geckos
  24 orcs
  5 giant cockroaches
  8 goblins
  5 hobgoblins
  6 jackals
  A quokka (D:7)
  4 ball pythons
  6 bats
  6 frilled lizards
  A jackal zombie (D:8)
  14 kobolds
  A quokka skeleton (D:8)
  A quokka zombie (D:5)
  11 rats
  A fungus (Lair:1)
207 creatures vanquished.

Notes
Turn   | Place    | Note
-------+----------+-------------------------------------------
     0 | D:1      | KleinerIrrer the Naga Hunter began the quest for the Orb.
     0 | D:1      | Reached XP level 1. HP: 19/19 MP: 1/1
   229 | D:1      | Reached XP level 2. HP: 26/26 MP: 2/2
   703 | D:1      | Reached XP level 3. HP: 32/32 MP: 3/3
  1062 | D:2      | Found a hazy altar of Hepliaklqana.
  1266 | D:2      | Reached XP level 4. HP: 17/39 MP: 4/4
  1277 | D:2      | Reached skill level 5 in Crossbows
  1988 | D:3      | Noticed Ijyb
  2002 | D:3      | Killed Ijyb
  2002 | D:3      | Reached skill level 1 in Armour
  2002 | D:3      | Reached XP level 5. HP: 36/45 MP: 5/5
  2038 | D:3      | Found an opulent altar of Gozag.
  2367 | D:3      | Found a white marble altar of Elyvilon.
  2390 | D:3      | Found an iron altar of Okawaru.
  2390 | D:3      | Found a glowing golden altar of the Shining One.
  2896 | D:4      | Noticed an ogre
  2903 | D:4      | Killed an ogre
  2903 | D:4      | Reached XP level 6. HP: 55/55 MP: 6/6
  3099 | D:4      | Found a staircase to the Ecumenical Temple.
  3105 | Temple   | Entered the Ecumenical Temple
  3177 | Temple   | Became a worshipper of Cheibriados the Contemplative
  3800 | D:5      | Entered Level 5 of the Dungeon
  3800 | D:5      | Noticed Grinder
  3957 | D:5      | Found a shimmering altar of Xom.
  3990 | D:5      | Noticed a phantom
  4045 | D:5      | Killed a phantom
  4045 | D:5      | Reached XP level 7. HP: 61/61 MP: 7/7
  4156 | D:5      | Killed Grinder
  4156 | D:5      | Reached skill level 1 in Invocations
  4227 | D:5      | Reached * piety under Cheibriados
  4620 | D:5      | Noticed Duvessa
  4620 | D:5      | Noticed Dowan
  4621 | D:5      | Found Xerikly's Quality Used Wands.
  4686 | D:6      | Noticed Ortega's ghost (novice DESu)
  4719 | D:6      | Reached XP level 8. HP: 72/72 MP: 9/9
  4848 | D:6      | Found a sparkling altar of Nemelex Xobeh.
  4892 | D:6      | Reached skill level 1 in Axes
  5045 | D:6      | Reached skill level 2 in Axes
  5068 | D:6      | Killed Ortega's ghost
  5068 | D:6      | Reached skill level 3 in Axes
  5318 | D:6      | Reached XP level 9. HP: 74/79 MP: 10/12
  5349 | D:6      | Reached skill level 4 in Axes
  5367 | D:6      | Reached skill level 5 in Fighting
  5387 | D:6      | Reached ** piety under Cheibriados
  5424 | D:6      | Noticed Prince Ribbit
  5593 | D:6      | Killed Prince Ribbit
  5726 | D:6      | Found Vuuluwkavva's Gadget Boutique.
  5743 | D:6      | Reached skill level 5 in Axes
  5928 | D:6      | Reached skill level 5 in Invocations
  6252 | D:7      | Noticed muxecoid's ghost (novice KoWn)
  6261 | D:7      | Killed muxecoid's ghost
  6534 | D:7      | Reached skill level 6 in Axes
  6915 | D:7      | Reached *** piety under Cheibriados
  7078 | D:8      | Noticed Psyche
  7161 | D:7      | Reached XP level 10. HP: 53/91 MP: 10/14
  7388 | D:8      | Noticed Joseph
  7533 | D:8      | Found a staircase to the Lair.
  7624 | D:8      | Found a transporter.
  7950 | D:8      | Reached skill level 7 in Axes
  8008 | D:8      | Killed Joseph
  8056 | D:8      | Noticed a two-headed ogre
  8141 | D:8      | Found a stormy altar of Qazlal.
  8410 | D:8      | Killed Psyche
  8508 | Lair:1   | Entered Level 1 of the Lair of Beasts
  8561 | Lair:1   | Reached **** piety under Cheibriados
  8580 | Lair:1   | Reached skill level 8 in Axes
  8593 | Lair:1   | Reached XP level 11. HP: 53/99 MP: 16/16
  8603 | Lair:1   | Reached skill level 9 in Axes
  8821 | Lair:1   | Noticed Erica
  8839 | Lair:1   | Killed Erica
  8940 | Lair:1   | Reached skill level 5 in Armour
  9021 | Lair:1   | Noticed Gastronok
  9042 | Lair:1   | Killed from afar by Gastronok

Skill      XL: |  1  2  3  4  5  6  7  8  9 10 11 |
---------------+----------------------------------+-----
Crossbows      | 4 5 6 7 |  7.1
Stealth        | 2 3 4 |  4.4
Armour         | 1 2 3 4 5 |  5.0
Fighting       | 3 4 5 6 |  6.9
Dodging        | 2 3 4 |  4.1
Invocations    | 2 4 6 7 |  7.3
Axes           | 3 6 8 9 |  9.4

Action                   |  1- 3 |  4- 6 |  7- 9 | 10-12 || total
-------------------------+-------+-------+-------+-------++-------
Melee: Hand axe          |       |     9 |       |       ||     9
       Short sword       |       |    11 |       |       ||    11
       Rapier            |       |    37 |    47 |       ||    84
       War axe           |       |       |   359 |   232 ||   591
 Fire: Hand crossbow     |    89 |   133 |    15 |       ||   237
Invok: Bend Time         |       |       |     1 |     3 ||     4
       Slouch            |       |       |       |     2 ||     2
 Abil: Spit Poison       |       |       |       |     3 ||     3
Evoke: Wand              |       |       |     1 |       ||     1
  Use: Scroll            |       |    10 |     4 |       ||    14
       Potion            |       |       |     3 |       ||     3
 Stab: Sleeping          |       |       |     3 |     1 ||     4
       Distracted        |       |       |     1 |       ||     1
  Eat: Chunk             |     1 |     7 |     7 |     4 ||    19
       Bread ration      |       |       |     1 |       ||     1
Armor: Leather armour    |    15 |    55 |    50 |       ||   120
       Ring mail         |       |       |   229 |   133 ||   362
Dodge: Dodged            |    11 |    39 |   158 |    84 ||   292
Block: Shield            |    18 |    43 |   231 |   148 ||   440
